TOP OF THE 1ST |
Buckhead Bowties batting - Pitching for San Mateo Dirty Reds : RHP Justin Frederick
|
Pitching: RHP Justin Frederick
|
|
Batting: SHB Silvio Capitanio
|
0-0: Called Strike 0-1: Hit by Pitch
|
Batting: LHB Marcus Shill
|
0-0: Ball 1-0: Ball 2-0: Called Strike 2-1: Called Strike 2-2: SINGLE (Groundball, 4MS, EV 67.5 MPH) (infield hit) Silvio Capitanio to second
|
Batting: LHB Spencer Powell
|
0-0: Ball 1-0: Foul Ball, location: 2F 1-1: Called Strike 1-2: Ball 2-2: Foul Ball, location: 2F 2-2: Ball 3-2: Foul Ball, location: 2F 3-2: Foul Ball, location: 2F 3-2: Strikes out swinging
|
Batting: RHB Hugh Mungus
|
0-0: Swinging Strike 0-1: Foul Ball, location: 2F 0-2: Foul Ball, location: 2F 0-2: Strikes out looking
|
Batting: RHB Félix Fernández
|
0-0: Ball 1-0: Ball 2-0: Foul Ball, location: 2F 2-1: Ball 3-1: Base on Balls Silvio Capitanio to third Marcus Shill to second
|
Batting: LHB Charles Godard
|
0-0: Swinging Strike 0-1: Ground out U3 (Groundball, 3, EV 98.1 MPH)
|
Top of the 1st over - 0 runs, 1 hit, 0 errors, 3 left on base; Buckhead 0 - San Mateo 0 |
BOTTOM OF THE 1ST |
San Mateo Dirty Reds batting - Pitching for Buckhead Bowties : LHP Jong-yong Ha
|
Pitching: LHP Jong-yong Ha
|
|
Batting: RHB Yaakov Shmerkin
|
0-0: Ball 1-0: SINGLE (Line Drive, 8LS, EV 91.2 MPH)
|
Batting: RHB Kawenaula Alohalani
|
0-0: Called Strike 0-1: Ball 1-1: Ball 2-1: Foul Ball, location: 2F 2-2: Foul Ball, location: 2F 2-2: Ball 3-2: Grounds into double play, 4-6-3 (Groundball, 4, EV 101.9 MPH)
|
Batting: RHB Dong-young Won
|
0-0: Ball 1-0: Called Strike 1-1: Foul Ball, location: 2F 1-2: Ground out 5-3 (Groundball, 56S, EV 84.4 MPH)
|
Bottom of the 1st over - 0 runs, 1 hit, 0 errors, 0 left on base; Buckhead 0 - San Mateo 0 |
TOP OF THE 2ND |
Buckhead Bowties batting - Pitching for San Mateo Dirty Reds : RHP Justin Frederick
|
Batting: LHB Jared Schneider
|
0-0: Ground out 4-3 (Groundball, 4S, EV 89.4 MPH)
|
Batting: RHB Juan Barrón
|
0-0: Called Strike 0-1: Foul Ball, location: 2F 0-2: Ball 1-2: SINGLE (Groundball, 56S, EV 71.2 MPH) (infield hit)
|
Batting: RHB Walke Mehoff
|
0-0: Grounds into double play, U4-3 (Groundball, 6M, EV 86.9 MPH)
|
Top of the 2nd over - 0 runs, 1 hit, 0 errors, 0 left on base; Buckhead 0 - San Mateo 0 |
BOTTOM OF THE 2ND |
San Mateo Dirty Reds batting - Pitching for Buckhead Bowties : LHP Jong-yong Ha
|
Batting: RHB Javier Sierra
|
0-0: Ball 1-0: Foul Ball, location: 2F 1-1: Foul Ball, location: 2F 1-2: Ball 2-2: Fly out, F8 (Flyball, 8LM, EV 93.8 MPH)
|
Batting: LHB Esteban Sifuentes
|
0-0: Swinging Strike 0-1: Ball 1-1: Ball 2-1: Fly out, F8 (Line Drive, 8LD, EV 109.4 MPH)
|
Batting: RHB Paul Tate
|
0-0: Called Strike 0-1: Foul Ball, location: 2F 0-2: Strikes out swinging
|
Bottom of the 2nd over - 0 runs, 0 hits, 0 errors, 0 left on base; Buckhead 0 - San Mateo 0 |
TOP OF THE 3RD |
Buckhead Bowties batting - Pitching for San Mateo Dirty Reds : RHP Justin Frederick
|
Batting: SHB Silvio Capitanio
|
0-0: Called Strike 0-1: Ball 1-1: Ball 2-1: Ball 3-1: Base on Balls
|
Batting: LHB Marcus Shill
|
0-0: Called Strike 0-1: Fielders Choice at 2nd, 3-6 (Groundball, 3, EV 88.8 MPH)
|
Batting: LHB Spencer Powell
|
0-0: Ball 1-0: Fly out, F9 (Flyball, 9LMF, EV 90.6 MPH)
|
Batting: RHB Hugh Mungus
|
0-0: Called Strike 0-1: Ball 1-1: Foul Ball, location: 2F 1-2: Strikes out swinging
|
Top of the 3rd over - 0 runs, 0 hits, 0 errors, 1 left on base; Buckhead 0 - San Mateo 0 |
BOTTOM OF THE 3RD |
San Mateo Dirty Reds batting - Pitching for Buckhead Bowties : LHP Jong-yong Ha
|
Batting: RHB Ambrose Watkins
|
0-0: Ground out 6-3 (Groundball, 6MS, EV 90.6 MPH)
|
Batting: RHB Jesús Gómez
|
0-0: Foul Ball, location: 2F 0-1: Foul Ball, location: 2F 0-2: Foul Ball, location: 2F 0-2: Ground out U3 (Groundball, 3L, EV 110.6 MPH)
|
Batting: RHB Eugene Bowman
|
0-0: Ball 1-0: Foul Ball, location: 2F 1-1: Called Strike 1-2: Ball 2-2: Foul Ball, location: 2F 2-2: Foul Ball, location: 2F 2-2: Foul Ball, location: 2F 2-2: Foul Ball, location: 2F 2-2: Ball 3-2: Foul Ball, location: 2F 3-2: Foul Ball, location: 2F 3-2: Strikes out looking
|
Bottom of the 3rd over - 0 runs, 0 hits, 0 errors, 0 left on base; Buckhead 0 - San Mateo 0 |
TOP OF THE 4TH |
Buckhead Bowties batting - Pitching for San Mateo Dirty Reds : RHP Justin Frederick
|
Batting: RHB Félix Fernández
|
0-0: Called Strike 0-1: Ball 1-1: Ball 2-1: Foul Ball, location: 2F 2-2: Ball 3-2: Base on Balls
|
Batting: LHB Charles Godard
|
0-0: Swinging Strike 0-1: Called Strike 0-2: Foul Ball, location: 2F 0-2: Fielders Choice at 2nd, 4-6 (Groundball, 4, EV 80.0 MPH)
|
Batting: LHB Jared Schneider
|
0-0: Swinging Strike 0-1: Ball 1-1: Ball 2-1: Ball 3-1: Fielders Choice at 2nd, U6 (Groundball, 4MS, EV 83.8 MPH)
|
Batting: RHB Juan Barrón
|
0-0: Ball Wild Pitch! Jared Schneider to second 1-0: Ball 2-0: Called Strike 2-1: Called Strike 2-2: Ball 3-2: Foul Ball, location: 2F 3-2: Fly out, F9 (Line Drive, 9, EV 95.0 MPH)
|
Top of the 4th over - 0 runs, 0 hits, 0 errors, 1 left on base; Buckhead 0 - San Mateo 0 |
BOTTOM OF THE 4TH |
San Mateo Dirty Reds batting - Pitching for Buckhead Bowties : LHP Jong-yong Ha
|
Batting: RHB Yaakov Shmerkin
|
0-0: Ball 1-0: Fly out, F3 (Popup, 3SF, EV 81.2 MPH)
|
Batting: RHB Kawenaula Alohalani
|
0-0: Ball 1-0: Swinging Strike 1-1: Fly out, F8 (Line Drive, 8RD, EV 93.8 MPH)
|
Batting: RHB Dong-young Won
|
0-0: Ball 1-0: Ball 2-0: Foul Ball, location: 2F 2-1: Ball 3-1: DOUBLE (Flyball, 8RXD, EV 105.0 MPH)
|
Batting: RHB Javier Sierra
|
0-0: Swinging Strike 0-1: Called Strike 0-2: Strikes out swinging
|
Bottom of the 4th over - 0 runs, 1 hit, 0 errors, 1 left on base; Buckhead 0 - San Mateo 0 |
TOP OF THE 5TH |
Buckhead Bowties batting - Pitching for San Mateo Dirty Reds : RHP Justin Frederick
|
Pitching: RHP John Stevens
|
|
Batting: RHB Walke Mehoff
|
0-0: Fly out, F3 (Popup, 3SF, EV 81.2 MPH)
|
Batting: SHB Silvio Capitanio
|
0-0: Ball 1-0: Ball 2-0: Called Strike 2-1: Called Strike 2-2: Strikes out swinging
|
Batting: LHB Marcus Shill
|
0-0: Foul Ball, location: 2F 0-1: Ball 1-1: Ball 2-1: Ball 3-1: Ground out 4-3 (Groundball, 4, EV 103.1 MPH)
|
Top of the 5th over - 0 runs, 0 hits, 0 errors, 0 left on base; Buckhead 0 - San Mateo 0 |
BOTTOM OF THE 5TH |
San Mateo Dirty Reds batting - Pitching for Buckhead Bowties : LHP Jong-yong Ha
|
Pitching: LHP Jorge Oyas
|
|
Batting: LHB Esteban Sifuentes
|
0-0: Ball 1-0: Ball 2-0: Ball 3-0: Called Strike 3-1: Foul Ball, location: 2F 3-2: Foul Ball, location: 2F 3-2: Base on Balls
|
Batting: RHB Paul Tate
|
0-0: Ball 1-0: Ball 2-0: SINGLE (Groundball, 34, EV 110.6 MPH) (infield hit) Esteban Sifuentes to second
|
Batting: RHB Ambrose Watkins
|
0-0: Foul Ball, location: 2F 0-1: Ball 1-1: Ball 2-1: Swinging Strike 2-2: Ball 3-2: Base on Balls Esteban Sifuentes to third Paul Tate to second
|
Batting: RHB Jesús Gómez
|
0-0: Ball 1-0: Called Strike 1-1: Foul Ball, location: 2F 1-2: Ball 2-2: Grounds into double play, 5-4-3 (Groundball, 5, EV 105.6 MPH) Esteban Sifuentes scores Paul Tate to third
|
Batting: RHB Eugene Bowman
|
0-0: Ball 1-0: Ball 2-0: Ball 3-0: Called Strike 3-1: Base on Balls
|
Batting: RHB Yaakov Shmerkin
|
0-0: Ball 1-0: Foul Ball, location: 2F 1-1: Ball 2-1: Ball 3-1: Fielders Choice at 2nd, 5-4 (Groundball, 56, EV 90.6 MPH)
|
Bottom of the 5th over - 1 run, 1 hit, 0 errors, 2 left on base; Buckhead 0 - San Mateo 1 |
TOP OF THE 6TH |
Buckhead Bowties batting - Pitching for San Mateo Dirty Reds : RHP John Stevens
|
Batting: LHB Spencer Powell
|
0-0: Ground out 6-3 (Groundball, 6M, EV 96.2 MPH)
|
Batting: RHB Hugh Mungus
|
0-0: SINGLE (Line Drive, 4MD, EV 96.2 MPH)
|
Batting: RHB Félix Fernández
|
0-0: Ball 1-0: Swinging Strike 1-1: Ball 2-1: Called Strike 2-2: Ball 3-2: Grounds into double play, 6-4-3 (Groundball, 56, EV 83.1 MPH)
|
Top of the 6th over - 0 runs, 1 hit, 0 errors, 0 left on base; Buckhead 0 - San Mateo 1 |
BOTTOM OF THE 6TH |
San Mateo Dirty Reds batting - Pitching for Buckhead Bowties : LHP Jorge Oyas
|
Batting: RHB Kawenaula Alohalani
|
0-0: Called Strike 0-1: Ball 1-1: Swinging Strike 1-2: Fly out, F7 (Flyball, 78M, EV 94.4 MPH)
|
Batting: RHB Dong-young Won
|
0-0: Ball 1-0: Ball 2-0: Fly out, F8 (Flyball, 8RM, EV 89.4 MPH)
|
Batting: RHB Javier Sierra
|
0-0: Ball 1-0: Foul Ball, location: 2F 1-1: Ball 2-1: Called Strike 2-2: Ground out 4-3 (Groundball, 4, EV 103.8 MPH)
|
Bottom of the 6th over - 0 runs, 0 hits, 0 errors, 0 left on base; Buckhead 0 - San Mateo 1 |
TOP OF THE 7TH |
Buckhead Bowties batting - Pitching for San Mateo Dirty Reds : RHP John Stevens
|
Batting: LHB Charles Godard
|
0-0: Fly out, F9 (Flyball, 9LM, EV 91.2 MPH)
|
Batting: LHB Jared Schneider
|
0-0: Foul Ball, location: 2F 0-1: Ball 1-1: Ball 2-1: Swinging Strike 2-2: Foul Ball, location: 2F 2-2: Fly out, F9 (Flyball, 9S, EV 92.5 MPH)
|
Batting: RHB Juan Barrón
|
0-0: Ball 1-0: Called Strike 1-1: SINGLE (Line Drive, 56, EV 95.0 MPH)
|
Batting: RHB Walke Mehoff
|
0-0: Ball 1-0: Ball 2-0: Ball 3-0: Called Strike 3-1: Base on Balls Juan Barrón to second
|
Batting: SHB Silvio Capitanio
|
0-0: Ball 1-0: Ground out U3 (Groundball, 3, EV 81.2 MPH)
|
Top of the 7th over - 0 runs, 1 hit, 0 errors, 2 left on base; Buckhead 0 - San Mateo 1 |
BOTTOM OF THE 7TH |
San Mateo Dirty Reds batting - Pitching for Buckhead Bowties : LHP Jorge Oyas
|
Batting: LHB Esteban Sifuentes
|
0-0: Called Strike 0-1: Ball 1-1: Ball 2-1: Swinging Strike 2-2: Ball 3-2: Base on Balls
|
Pitching: LHP Billy Craig
|
|
Batting: RHB Paul Tate
|
0-0: Called Strike 0-1: Grounds into double play, 4-6-3 (Groundball, 4, EV 81.9 MPH)
|
Batting: RHB Ambrose Watkins
|
0-0: Foul Ball, location: 2F 0-1: Ball 1-1: Ball 2-1: Swinging Strike 2-2: Strikes out swinging
|
Bottom of the 7th over - 0 runs, 0 hits, 0 errors, 0 left on base; Buckhead 0 - San Mateo 1 |
TOP OF THE 8TH |
Buckhead Bowties batting - Pitching for San Mateo Dirty Reds : RHP John Stevens
|
Pinch Hitting: LHB Jesús Encarnación
|
0-0: Ball 1-0: Swinging Strike 1-1: Called Strike 1-2: Foul Ball, location: 2F 1-2: Ball 2-2: Foul Ball, location: 2F 2-2: Strikes out looking
|
Batting: LHB Spencer Powell
|
0-0: DOUBLE (Line Drive, 89XD, EV 105.0 MPH)
|
Pinch Hitting: RHB Ken Joyner
|
0-0: Fly out, F6 (Line Drive, 6, EV 70.6 MPH)
|
Batting: RHB Félix Fernández
|
0-0: Called Strike 0-1: Called Strike 0-2: Foul Ball, location: 2F 0-2: Foul Ball, location: 2F 0-2: Ball 1-2: Strikes out swinging
|
Top of the 8th over - 0 runs, 1 hit, 0 errors, 1 left on base; Buckhead 0 - San Mateo 1 |
BOTTOM OF THE 8TH |
San Mateo Dirty Reds batting - Pitching for Buckhead Bowties : LHP Billy Craig
|
Now at 3B: Ken Joyner
|
|
Now in LF: Blaine Callahan
|
|
Batting: RHB Jesús Gómez
|
0-0: Called Strike 0-1: Ball 1-1: Fly out, F8 (Flyball, 8RM, EV 80.6 MPH)
|
Batting: RHB Eugene Bowman
|
0-0: Ball 1-0: Ball 2-0: Foul Ball, location: 2F 2-1: Ball 3-1: Base on Balls
|
Pinch Hitting: LHB Quitério Ruah
|
0-0: Ball 1-0: Called Strike 1-1: Swinging Strike 1-2: SINGLE (Groundball, 6MD, EV 96.2 MPH) Eugene Bowman to second Runner from 2nd tries for 3rd, SAFE, no throw by CF
|
Pinch Hitting: SHB Shiki Sanu
|
0-0: Ball 1-0: Ball 2-0: Foul Ball, location: 2F 2-1: Ball 3-1: Called Strike 3-2: Fly out, F9 (Flyball, 89M, EV 89.4 MPH)
|
Pinch Hitting: LHB Palaie Gaoteote
|
0-0: Ball 1-0: Ball 2-0: Foul Ball, location: 2F 2-1: Swinging Strike 2-2: Reached on error, E7 (Flyball, 7S, EV 88.1 MPH) Eugene Bowman scores Quitério Ruah to third
|
Batting: RHB Eddie Neef
|
0-0: 3-RUN HOME RUN (Flyball, 89XD, EV 106.2 MPH), Distance : 421 ft
|
Pitching: RHP Roderick Miller
|
|
Pinch Hitting: LHB Richard Edwards
|
0-0: Foul Ball, location: 2F 0-1: Foul Ball, location: 2F 0-2: Foul Ball, location: 2F 0-2: Ball 1-2: Fly out, F8 (Line Drive, 8RD, EV 95.6 MPH)
|
Bottom of the 8th over - 4 runs, 2 hits, 1 error, 0 left on base; Buckhead 0 - San Mateo 5 |
TOP OF THE 9TH |
Buckhead Bowties batting - Pitching for San Mateo Dirty Reds : RHP John Stevens
|
Now at 1B: Dallas McMurran
|
|
Now at SS: Richard Edwards
|
|
Now in LF: Palaie Gaoteote
|
|
Now in CF: Quitério Ruah
|
|
Batting: LHB Charles Godard
|
0-0: Ball 1-0: Ground out 4-3 (Groundball, 4S, EV 81.9 MPH)
|
Pinch Hitting: RHB Matsudaira Sugahara
|
0-0: SINGLE (Groundball, 56D, EV 105.0 MPH)
|
Pitching: RHP Matt Digby
|
|
Pinch Hitting: RHB Obiniana Romulo
|
0-0: Swinging Strike 0-1: Called Strike 0-2: Fly out, F7 (Flyball, 78M, EV 90.6 MPH)
|
Batting: RHB César Guerra
|
0-0: Called Strike 0-1: Foul Ball, location: 2F 0-2: Ball 1-2: Ball 2-2: Ground out 4-3 (Groundball, 4, EV 82.5 MPH)
|
Top of the 9th over - 0 runs, 1 hit, 0 errors, 1 left on base; Buckhead 0 - San Mateo 5 |
|